 Dungeon Crawl Stone Soup version 0.27.0-1-g7a089689b8 (webtiles) character file.

Game seed: 6177979056644664710

728 dolemite99 the Slicer (level 7, -2/50 HPs)
             Began as a Demonspawn Gladiator on Aug 7, 2021.
             Slain by Pikel (19 damage)
             ... on level 4 of the Dungeon.
             The game lasted 00:07:38 (6022 turns).

dolemite99 the Slicer (Demonspawn Gladiator)        Turns: 6022, Time: 00:07:38

Health: -2/50      AC: 14    Str: 16    XL:     7   Next: 44%
Magic:  7/7        EV: 10    Int: 10    God:
Gold:   123        SH:  0    Dex: 14    Spells: 6/6 levels left

rFire    . . .     SeeInvis .   a - +0 rapier
rCold    + . .     Faith    .   (no shield)
rNeg     . . .     Spirit   .   f - +2 scale mail {rC+}
rPois    .         Reflect  .   (helmet restricted)
rElec    .         Harm     .   (no cloak)
rCorr    .         Rampage  .   (no gloves)
Will     .....                  (no boots)
Stlth    ..........             (no amulet)
HPRegen  0.16/turn              i - ring of flight
MPRegen  0.10/turn              (no ring)

@: sanguine armoured, flying
A: horns 2, sanguine armour 1
a: no special abilities


You were on level 4 of the Dungeon.
You visited 1 branch of the dungeon, and saw 4 of its levels.

You collected 123 gold pieces.

Inventory:

Hand Weapons
 a - a +0 rapier (weapon)
 b - a +0 short sword of protection
Missiles
 d - 2 throwing nets
 g - 148 stones
 k - 5 poisoned darts (quivered)
 m - 3 sling bullets
 o - 38 arrows
 t - 12 bolts
Armour
 f - a +2 scale mail of cold resistance (worn)
 n - a +1 chain mail
Magical Staves
 p - a staff of air
 r - a staff of air
 w - a staff of cold
Jewellery
 i - a ring of flight (left hand)
 v - a ring of fire
Scrolls
 e - a scroll of fear
 j - 5 scrolls of amnesia
 q - a scroll of vulnerability {unknown}
 x - a scroll of enchant armour
Potions
 c - a potion of flight {unknown}
 h - a potion of might {unknown}
 l - 2 potions of curing {unknown}
 s - 3 potions of berserk rage {unknown}
 u - a potion of attraction {unknown}


   Skills:
 - Level 2.0 Fighting
 - Level 8.1 Short Blades
 + Level 1.7 Throwing
 - Level 2.6 Dodging


You had 6 spell levels left.
You didn't know any spells.
Your spell library contained the following spells:

 Spells                   Type           Power      Damage    Failure   Level
 Summon Small Mammal      Summ           0%         N/A       82%         1
 Call Canine Familiar     Summ           0%         N/A       99%         3
 Ignite Poison            Fire/Tmut/Pois 0%         N/A       99%         3
 Mephitic Cloud           Conj/Pois/Air  0%         N/A       99%         3
 Summon Guardian Golem    Hex/Summ       0%         N/A       99%         3
 Bolt of Magma            Conj/Fire/Erth 0%         4d4       100%        5


Dungeon Overview and Level Annotations

Branches:
Dungeon (4/15)
 Temple: D:4-7

Altars:

Annotations:
D:4 1 runed translucent door, Crazy Yiuf, Pikel


Innate Abilities, Weirdness & Mutations

You have a pair of horns on your head.
When seriously injured, your bleeding wounds create armour. (AC +6)


Message History

Pikel looks even sicker.
Pikel is lightly wounded.
Pikel barely misses you.
Throw: 7 darts (poison)
Press: ? - help, Q - select action, (/) - cycle Shift-Dir - straight line, f/p - Pikel
Aim: Pikel, wielding a +1 whip of electrocution and wearing a +0 robe (lightly wounded, very poisoned, 51% to hit)
You throw a poisoned dart. The poisoned dart misses Pikel.
Pikel hits you but does no damage.
You miss Pikel.
Pikel is lightly wounded.
Pikel hits you with a +1 whip of electrocution.
You barely miss Pikel. Your headbutt misses Pikel.
Pikel is lightly wounded.
You barely miss Pikel.
Pikel is lightly wounded.
Pikel says, "Hell isn't that bad."
Pikel hits you with a +1 whip of electrocution!
You hit Pikel but do no damage. You headbutt Pikel.
Pikel is moderately wounded.
Pikel hits you but does no damage.
You hit Pikel but do no damage.
Pikel is moderately wounded.
Pikel hits you but does no damage.
You are electrocuted!
Your blood congeals into armour.
You hit Pikel. Your headbutt misses Pikel.
Pikel is heavily wounded.
Pikel hits you but does no damage.
You hit Pikel. You headbutt Pikel.
Pikel is severely wounded.
A lemure comes into view.
Throw: 6 darts (poison)
Press: ? - help, Q - select action, (/) - cycle Shift-Dir - straight line, f/p - Pikel
Aim: Pikel, wielding a +1 whip of electrocution and wearing a +0 robe (severely wounded, poisoned, 51% to hit)
You throw a poisoned dart. The poisoned dart hits Pikel.
Pikel looks even sicker.
Pikel is severely wounded.
The lemure shouts!
Pikel hits you with a +1 whip of electrocution!
You are electrocuted!!
You die...

##### #....((..5.g...#*,*,*,*
######5#######)#*,*,*,* ##
######.....(......#.#*,*,*,* .#
#.#.#.#####(#####.#.#*,*,*,* .#
#.#.#.## #(# #<#.#.#*,*,*,* .#
#.#.#..# #(# #.#.#.#*,*,*,* ##
#.#.##.## #(# #.#.#5#*,*,*,*
######.#.##..# #K# #.#.#'##,*,*,*
.....#.#.###.###@###.#.5..#,,,,,*
.....#.#.............#....#**,***
.....#.#####.###.#####....# *,*
######.............5.5....# *,*
#############.##.#######'## *,#
'..)....# #.##.# #.####.##
#######.# #.##.# ##'#.....# #
###'#####..#.# #....##..#
#.......##.#.# #.[......#


You could see Pikel (very poisoned) and a lemure.

Vanquished Creatures
  A necrophage (D:4)
  An ice beast (D:3)
  An ogre (D:3)
  3 lemures
  2 scorpions
  A water moccasin skeleton (D:4)
  A jelly (D:4)
  An orc priest (D:3)
  Terence (D:3)
  2 iguanas
  An orc wizard (D:3)
  A gnoll (D:3)
  5 adders
  An adder skeleton (D:4)
  A worm (D:2)
  3 dart slugs
  9 orcs (D:3)
  3 bats
  5 endoplasms
  3 giant cockroaches
  4 hobgoblins
  A jackal (D:2)
  9 kobolds
  3 quokkas
  8 ball pythons
  6 frilled lizards
  6 goblins
  A quokka skeleton (D:4)
  4 rats
88 creatures vanquished.

Notes
Turn   | Place    | Note
-------+----------+-------------------------------------------
     0 | D:1      | dolemite99 the Demonspawn Gladiator began the quest for the
                  | Orb.
     0 | D:1      | Reached XP level 1. HP: 16/16 MP: 1/1
   171 | D:1      | Reached skill level 3 in Short Blades
   407 | D:1      | Gained mutation: When seriously injured, your bleeding
                  | wounds create armour. (AC +6) [demonic ancestry]
   407 | D:1      | Reached XP level 2. HP: 22/22 MP: 2/2
   802 | D:1      | Gained mutation: You have a pair of small horns on your
                  | head. [demonic ancestry]
   802 | D:1      | Reached XP level 3. HP: 27/27 MP: 3/3
  1071 | D:2      | Reached skill level 4 in Short Blades
  1625 | D:2      | Reached XP level 4. HP: 28/33 MP: 4/4
  1972 | D:3      | Noticed an ogre
  1983 | D:3      | Killed an ogre
  1984 | D:3      | Reached skill level 5 in Short Blades
  1984 | D:3      | Reached XP level 5. HP: 13/38 MP: 5/5
  2525 | D:3      | Reached skill level 6 in Short Blades
  3118 | D:3      | Gained mutation: You have a pair of horns on your head.
                  | [demonic ancestry]
  3118 | D:3      | Reached XP level 6. HP: 44/44 MP: 6/6
  3259 | D:3      | Noticed Terence
  3597 | D:3      | Killed Terence
  4010 | D:3      | Noticed an ice beast
  4022 | D:3      | Killed an ice beast
  4023 | D:3      | Reached skill level 7 in Short Blades
  4626 | D:4      | Reached XP level 7. HP: 26/48 MP: 7/7
  5052 | D:4      | Found a runed translucent door.
  5053 | D:4      | Noticed Crazy Yiuf
  5466 | D:4      | Noticed Pikel
  5935 | D:4      | Reached skill level 8 in Short Blades
  6022 | D:4      | Slain by Pikel

Illustrated notes

Levels and vault maps discovered:
D:1:      beargit_arrival_greenhouse, layout_rooms
D:2:      layout_loops_ring, kennysheep_generic_room_8
D:3:      layout_basic, uniq_terence
D:4:      layout_basic, palyth_stone_intersect, uniq_pikel,
          uniq_crazy_yiuf_cottage

Skill      XL: |  1  2  3  4  5  6  7 |
---------------+----------------------+-----
Short Blades   | 3 4 5 6 7 8 |  8.1
Fighting       | |  2.0
Throwing       | |  1.7
Dodging        | |  2.6

Action                   |  1- 3 |  4- 6 |  7- 9 || total
-------------------------+-------+-------+-------++-------
Melee: Rapier            |    92 |   125 |    90 ||   307
       Headbutt          |     8 |    13 |    12 ||    33
Throw: Dart              |    26 |    35 |    28 ||    89
       Throwing net      |       |     5 |     2 ||     7
       Stone             |       |     6 |    14 ||    20
  Use: Potion            |       |     2 |       ||     2
       Scroll            |       |     6 |     2 ||     8
 Stab: Held in net/web   |       |     1 |       ||     1
Armor: Leather armour    |    15 |       |       ||    15
       Chain mail        |    29 |    33 |       ||    62
       Skin              |       |     9 |       ||     9
       Scale mail        |       |    12 |    27 ||    39
Dodge: Dodged            |    47 |    41 |    40 ||   128
